 Dungeon Crawl Stone Soup version 0.32-a0-918-g0f22ef8d61 (webtiles) character file.

Game seed: 2831382270955940333

4 IdlyInterested the Trooper (level 1, -2/18 HPs)
             Began as a Demonspawn Fighter on Apr 11, 2024.
             Frozen to death by an endoplasm (5 damage)
             ... on level 1 of the Dungeon.
             The game lasted 00:00:48 (313 turns).

IdlyInterested the Trooper (Demonspawn Fighter)      Turns: 313, Time: 00:00:49

Health: -2/18      AC:  6    Str: 16    XL:     1   Next: 58%
Magic:  1/1        EV:  7    Int:  8    God:
Gold:   30         SH:  4    Dex: 12    Spells: 0/0 levels left

rFire   . .          .
                       - Unarmed
rCold   . . .        b - +0 buckler
rNeg    . . .        a - +0 scale mail
rPois   .            (no helmet)
rElec   .            (no cloak)
rCorr   .            (no gloves)
SInv    .            (no boots)
Will    .....        (no amulet) Stlth
                     (no ring)
HPRegen 0.23/turn    (no ring)
MPRegen 0.07/turn

%: no passive effects
@: no status effects
A: no striking features
a: no special abilities


You were on level 1 of the Dungeon.
You visited 1 branch of the dungeon, and saw 1 of its levels.

You collected 30 gold pieces.

Inventory:

Missiles
 i - 6 stones (quivered)
Armour
 a - a +0 scale mail (worn)
 b - a +0 buckler (worn)
 g - a +0 leather armour
Scrolls
 f - a scroll of enchant weapon {unknown}
Potions
 c - a potion of might
 d - a potion of ambrosia {unknown}
 e - a potion of lignification {unknown}
 h - a potion of brilliance {unknown}


   Skills:
 + Level 3.2 Fighting
 * Level 2.6 Armour
 - Level 2.6 Shields
 - Level 2.0 Unarmed Combat


You couldn't memorise any spells.
You didn't know any spells.
Your spell library contained the following spells:

 Spells                   Type           Power      Damage    Failure   Level
 Jinxbite                 Hex            0%         N/A       97%         2
 Yara's Violent Unravell  Hex/Alch       0%         3d3       100%        5
 Enfeeble                 Hex            0%         N/A       100%        7


Dungeon Overview and Level Annotations

Branches:
Dungeon (1/15)

Altars:


Message History

The dart slug is severely wounded.
The dart slug barely misses you.
You hit the dart slug.
You kill the dart slug!
Training target 2.0 for Unarmed Combat reached!
Your Unarmed Combat skill increases to level 2!
You see here a +0 scale mail.
You now have 18 gold pieces (gained 10).
Found a stone staircase leading down.
You now have 30 gold pieces (gained 12).
You open the door.
There is an open door here.
Found 6 stones.
You see here 6 stones.
i - 6 stones An endoplasm comes into view.
The endoplasm freezes you.
You are frozen.
You hit the endoplasm.
The endoplasm is moderately wounded.
The endoplasm freezes you.
You are frozen.
You hit the endoplasm but do no damage.
The endoplasm is moderately wounded.
The endoplasm freezes you.
You are frozen.
* * * LOW HITPOINT WARNING * * *
You hit the endoplasm but do no damage.
The endoplasm is moderately wounded.
The endoplasm completely misses you.
You hit the endoplasm.
The endoplasm is severely wounded.
The endoplasm freezes you.
You are frozen.
* * * LOW HITPOINT WARNING * * *
You completely miss the endoplasm.
The endoplasm is severely wounded.
The endoplasm freezes you.
You are frozen.
You die...

####################.#..
#>..............@J......
#.#.####......######.#..
#...# #......#
##..####......##
##....'........
#.####......### #.#
######## #.# #.#
############


You could see an endoplasm.

Vanquished Creatures
  A dart slug (D:1)
  2 bats (D:1)
  A frilled lizard (D:1)
4 creatures vanquished.

Notes
Turn   | Place    | Note
-------+----------+-------------------------------------------
     0 | D:1      | IdlyInterested the Demonspawn Fighter began the quest for
                  | the Orb.
     0 | D:1      | Reached XP level 1. HP: 18/18 MP: 1/1
   313 | D:1      | Frozen to death by an endoplasm

Illustrated notes

Levels and vault maps discovered:
D:1:      minmay_arrival_widening_spiral_narrow, layout_basic,
          chequers_serial_rivers_small_a

Skill      XL: |  1 |
---------------+----+-----
Unarmed Combat | 2 |  2.0
Fighting       | |  3.2
Armour         | |  2.6
Shields        | |  2.6

Action                     || total
---------------------------++-------
  Melee: Unarmed           ||    23
 Armour: Scale mail        ||     8
  Dodge: Dodged            ||     6
  Block: Buckler           ||     2

Table legend: (Time is in decaauts)
 A = Elapsed time spent in this place.
 B = Non-inter-level travel time spent in this place.
 C = Inter-level travel time spent in this place.
 D = Time resting spent in this place.
 E = Time spent auto-exploring this place.
 F = Levels seen in this place.
 G = Mean time per level.
                   A        B        C        D        E       F      G
               +--------+--------+--------+--------+--------+-----+--------+
         Total |    312 |    312 |      0 |      0 |    254 |   1 |  312.0 |
       Dungeon |    312 |    312 |      0 |      0 |    254 |   1 |  312.0 |
               +--------+--------+--------+--------+--------+-----+--------+

Top non-repeatable levels by time:
     D:1: 312 daAuts
